 Dungeon Crawl Stone Soup version 0.24-a0-507-g3e8b242632 (webtiles) character file.

Game seed: 7247452551491421578

3453 Gynju the Destroyer (level 9, -4/74 HPs)
             Began as a Grey Draconian Conjurer on July 19, 2019.
             Was a Believer of Vehumet.
             Slain by a red ugly thing (13 damage)
             ... on level 9 of the Dungeon.
             The game lasted 00:24:38 (12066 turns).

Gynju the Destroyer (Grey Draconian Conjurer)      Turns: 12066, Time: 00:24:38

Health: -4/74      AC: 15    Str: 17    XL:     9   Next: 78%
Magic:  1/15       EV: 14    Int: 19    God:    Vehumet [**....]
Gold:   441        SH:  0    Dex: 11    Spells: 0/17 levels left

rFire    . . .     SeeInvis .   A - +4 quarterstaff of the Eternal Warrior {venom, *Noise rElec Str+6}
rCold    . . .     Gourm    .   (shield currently unavailable)
rNeg     . . .     Faith    .   (armour unavailable)
rPois    .         Spirit   .   (helmet restricted)
rElec    +         Reflect  .   v - +1 cloak
rCorr    .         Harm     .   E - +0 pair of gloves
MR       +....                  (no boots)
Stlth    +++.......             (no amulet)
HPRegen  0.22/turn              h - ring of stealth
MPRegen  0.14/turn              C - ring of protection from magic

@: no status effects
A: walk through water, unfitting armour, unbreathing, cold-blooded, AC +12
a: Renounce Religion


You were on level 9 of the Dungeon.
You worshipped Vehumet.
Vehumet was pleased with you.
You were hungry.

You visited 2 branches of the dungeon, and saw 10 of its levels.

You collected 441 gold pieces.

Inventory:

Hand Weapons
 m - a +2 whip of electrocution
 o - a +0 hunting sling
 A - the +4 quarterstaff of the Eternal Warrior (weapon) {venom, *Noise rElec Str+6}
   (You found it on level 7 of the Dungeon)

   It poisons the flesh of those it strikes.
   It affects your strength (+6).
   It insulates you from electricity.
   It may make noises in combat.
Missiles
 a - 61 poisoned darts (quivered)
 g - 37 sling bullets
 p - 313 stones
Armour
 v - a +1 cloak (worn)
 E - a +0 pair of gloves (worn)
 I - a cursed +0 shield
Jewellery
 h - a ring of stealth (left hand)
 C - a ring of protection from magic (right hand)
Wands
 n - a wand of disintegration (12)
 s - a wand of digging (7)
 x - a wand of flame (37)
 D - a wand of enslavement (23)
 H - a wand of iceblast (8)
Scrolls
 e - 9 scrolls of teleportation
 f - 2 scrolls of magic mapping
 j - 2 scrolls of fear
 k - 9 scrolls of remove curse
 l - a scroll of enchant armour
 w - a scroll of immolation {unknown}
 y - a scroll of blinking {unknown}
 B - 2 scrolls of enchant weapon {unknown}
 F - a scroll of random uselessness {unknown}
 G - 2 scrolls of identify
Potions
 c - a potion of cancellation {unknown}
 d - 3 potions of curing
 i - 2 potions of lignification
 q - 3 potions of invisibility
 r - 2 potions of heal wounds
 t - 2 potions of ambrosia
 u - a potion of brilliance
 z - 5 potions of agility
 K - a potion of might {unknown}
Comestibles
 b - 12 rations
 J - 4 chunks of flesh


   Skills:
 + Level 5.0 Fighting
 + Level 4.6 Dodging
 - Level 1.7 Stealth
 - Level 4.6 Spellcasting
 + Level 9.9 Conjurations
 - Level 4.0 Hexes
 + Level 0.9 Fire Magic
 + Level 5.5 Earth Magic


You couldn't memorise any spells.
You knew the following spells:

 Your Spells              Type           Power        Failure   Level  Hunger
a - Magic Dart            Conj           ####         1%          1    None
b - Dazzling Spray        Conj/Hex       ####..       2%          3    ###....
c - Searing Ray           Conj           #####.       1%          2    #......
d - Iron Shot             Conj/Erth      ####......   63%         6    #######
e - Bolt of Magma         Conj/Fire/Erth ####......   36%         5    ######.

Your spell library contained the following spells:

 Spells                   Type           Power        Failure   Level  Hunger
 Throw Flame              Conj/Fire      ####..       1%          2    #......
 Confusing Touch          Hex            ###...       2%          1    None
 Iskenderun's Mystic Bla  Conj           #####...     2%          4    ####...
 Confuse                  Hex            ###.....     8%          3    ###....
 Fulminant Prism          Conj/Hex       ####......   8%          4    ####...
 Force Lance              Conj/Tloc      ###.....     17%         4    ####...
 Leda's Liquefaction      Hex/Erth       ###.......   19%         4    ####...
 Gell's Gravitas          Tloc           #.........   36%         3    ###....
 Petrify                  Tmut/Erth      ##......     38%         4    ####...
 Metabolic Englaciation   Hex/Ice        ##........   85%         5    ######.
 Yara's Violent Unravell  Hex/Tmut       ##........   85%         5    ######.
 Statue Form              Tmut/Erth      ##.......    100%        6    #######
 Shatter                  Erth           ####......   100%        9    #######


Dungeon Overview and Level Annotations

Branches:
Dungeon (9/15)             Temple (1/1) D:4
   Lair: D:8-11         Orc: D:9-12

Altars:
Ashenzari
Cheibriados
Dithmenos
Elyvilon
Fedhas
Gozag
Hepliaklqana
Kikubaaqudgha
Makhleb
Nemelex Xobeh
Okawaru
Qazlal
Ru
Sif Muna
Trog
Uskayaw
Vehumet
Wu Jian
Xom
Yredelemnul
Zin
The Shining One

Shops:
D:4 *   D:7 ?

Annotations:
D:4 exclusion: yak


Innate Abilities, Weirdness & Mutations

You can walk through water.
Your dull iron-grey scales are very hard. (AC +12)
You cannot fit into any form of body armour.
You can survive without breathing.
You are cold-blooded and may be slowed by cold attacks.


Message History

The spray of energy misses the red ugly thing.
You are feeling hungry.
The red ugly thing headbutts you but does no damage.
Casting: Dazzling Spray (safe; 2% risk of failure)
Confirm with . or Enter, or press ? or * to list all spells.
Aiming: Dazzling Spray (safe; 2% risk of failure)
Press: ? - help, Shift-Dir - straight line, f/p - red ugly thing
Aim: a red ugly thing (severely wounded, poisoned)
The spray of energy hits the red ugly thing!
The red ugly thing is severely wounded.
The red ugly thing headbutts you.
You are engulfed in flames!!
* * * LOW HITPOINT WARNING * * *
You barely miss the red ugly thing.
Your tail-slap misses the red ugly thing.
The red ugly thing is almost dead.
The red ugly thing headbutts you but does no damage.
The red ugly thing headbutts you.
* * * LOW HITPOINT WARNING * * *
You are engulfed in flames!
You die...

.. .. ..# . ......... #.
#.#.....# #. #.#....# #.
#.. #.#....##...
####..####............
......u.##...#.>......
..###....@.....#........
.......#..#...........#
...... #.####........#
......##.#.###......# .
......#.............# ...
#.!................### ...
.....................##...
.................#........
............###..##.......


You could see a red ugly thing.

Vanquished Creatures
  A troll (D:9)
  Grinder (D:3)
  Duvessa (D:6)
  An ice beast (D:7)
  2 orc warriors (D:7)
  A sky beast (D:5)
  5 ogres
  A phantom (D:4)
  2 centaurs
  Blork the orc (D:5)
  3 bullfrogs
  Dowan (D:6)
  5 scorpions
  4 killer bees
  6 crimson imps
  A bullfrog zombie (D:5)
  A quasit (D:6)
  3 hounds
  5 orc priests
  Crazy Yiuf (D:4)
  2 bullfrog skeletons
  A jelly (D:9)
  A centaur skeleton (D:8)
  Ijyb (D:5)
  4 orc wizards
  5 worker ants
  A worker ant zombie (D:5)
  Robin (D:2)
  9 adders
  A shadow imp (D:8)
  An ooze (D:1)
  An adder zombie (D:7)
  A worm (D:2)
  4 dart slugs
  6 leopard geckos
  20 orcs
  6 giant cockroaches
  17 goblins
  15 hobgoblins
  6 jackals
  7 kobolds
  5 quokkas
  3 ball pythons
  5 bats
  10 frilled lizards
  2 rats (D:1)
181 creatures vanquished.

Notes
Turn   | Place    | Note
-------+----------+-------------------------------------------
     0 | D:1      | Gynju the Draconian Conjurer began the quest for the Orb.
     0 | D:1      | Reached XP level 1. HP: 14/14 MP: 3/3
   330 | D:1      | Reached XP level 2. HP: 20/20 MP: 0/5
  1093 | D:1      | Reached XP level 3. HP: 26/26 MP: 1/7
  2284 | D:2      | Learned a level 3 spell: Dazzling Spray
  2287 | D:2      | Learned a level 2 spell: Searing Ray
  2619 | D:2      | Reached XP level 4. HP: 33/33 MP: 5/8
  2788 | D:2      | Noticed Robin
  2831 | D:2      | Killed Robin
  2831 | D:2      | Reached skill level 5 in Conjurations
  4005 | D:3      | Noticed Grinder
  4007 | D:3      | Reached XP level 5. HP: 38/38 MP: 4/10
  4009 | D:3      | Noticed an ogre
  4279 | D:3      | Killed Grinder
  4279 | D:3      | Reached skill level 6 in Conjurations
  4279 | D:3      | Reached XP level 6. HP: 16/45 MP: 1/12
  4597 | D:3      | Found a shimmering altar of Xom.
  4614 | D:3      | Reached skill level 7 in Conjurations
  4614 | D:3      | Your scales start taking on a dull iron-grey colour.
  4614 | D:3      | Reached XP level 7. HP: 50/50 MP: 7/13
  4614 | D:3      | Gained mutation: You can survive without breathing. [Grey
                  | Draconian growth]
  5494 | D:4      | Found Atiticy's Assorted Antiques.
  5573 | D:4      | Found a runed translucent door.
  5574 | D:4      | Noticed Crazy Yiuf
  5616 | D:4      | Found a staircase to the Ecumenical Temple.
  5790 | D:4      | Reached skill level 8 in Conjurations
  6063 | D:4      | Noticed a yak
  6122 | D:4      | Learned a level 6 spell: Iron Shot
  6401 | D:4      | Killed Crazy Yiuf
  6527 | Temple   | Entered the Ecumenical Temple
  6687 | Temple   | Became a worshipper of Vehumet
  6761 | D:5      | Entered Level 5 of the Dungeon
  6794 | D:5      | Reached XP level 8. HP: 58/58 MP: 2/14
  6923 | D:5      | Reached skill level 1 in Fighting
  6923 | D:5      | Reached skill level 1 in Earth Magic
  7066 | D:5      | Noticed Blork the orc
  7105 | D:5      | Killed Blork the orc
  7105 | D:5      | Reached skill level 1 in Hexes
  7198 | D:5      | Found an ornate altar of the Wu Jian Council.
  7477 | D:5      | Reached skill level 9 in Conjurations
  7636 | D:5      | Noticed Ijyb
  7645 | D:5      | Killed Ijyb
  7960 | D:5      | Reached * piety under Vehumet
  7960 | D:5      | Offered knowledge of Shock by Vehumet.
  8467 | D:6      | Noticed Duvessa
  8492 | D:6      | Killed Duvessa
  8511 | D:6      | Noticed Dowan
  8527 | D:6      | Killed Dowan
  8899 | D:6      | Found a radiant altar of Vehumet.
  9252 | D:7      | Got a crystal quarterstaff
  9255 | D:7      | Identified the +4 quarterstaff of the Eternal Warrior
                  | {venom, *Noise rElec Str+6} (You found it on level 7 of the
                  | Dungeon)
  9284 | D:7      | Reached XP level 9. HP: 70/70 MP: 11/15
  9825 | D:7      | Found Cigret's Magic Scroll Emporium.
 10336 | D:7      | Offered knowledge of Throw Flame by Vehumet.
 10469 | D:7      | Learned a level 5 spell: Bolt of Magma
 10804 | D:7      | Found a blossoming altar of Fedhas.
 11043 | D:8      | Reached skill level 5 in Earth Magic
 11073 | D:8      | Reached ** piety under Vehumet
 11676 | D:9      | Noticed a troll
 11693 | D:9      | Killed a troll
 11876 | D:9      | Reached skill level 5 in Fighting
 12050 | D:9      | Noticed a red ugly thing
 12066 | D:9      | Slain by a red ugly thing

Levels and vault maps discovered:
D:1:      wheals_arrival_linesprint, layout_basic, serial_rivers,
          chequers_serial_rivers_micro_b, chequers_serial_rivers_micro_e,
          chequers_serial_rivers_small_b, chequers_serial_rivers_micro_d
D:2:      layout_basic, uniq_robin
D:3:      layout_basic, led_xom_imps, uniq_grinder
D:4:      layout_loops_ring, minmay_temple_entry_enclosed_plants, serial_shops,
          nicolae_shop_competitors_out_of_business, nzn_random_ring,
          uniq_crazy_yiuf_cottage
D:5:      layout_basic, nicolae_overflow_crystal_walls, first_ration, uniq_ijyb,
          uniq_blork_the_orc
D:6:      layout_basic, vehumet_altar_wand_db, uniq_duvessa
D:7:      layout_cave_pools, serial_shops, shop, basic_altar
D:8:      layout_loops_ring
D:9:      layout_cave_pools, erik_lair_island, the_bakery
Temple:   kilobyte_greek_temple

Skill      XL: |  1  2  3  4  5  6  7  8  9 |
---------------+----------------------------+-----
Spellcasting   | 3 4 |  4.6
Conjurations   | 5 6 7 8 9 |  9.9
Dodging        | 2 3 4 |  4.6
Fighting       | 3 5 |  5.0
Earth Magic    | 3 5 |  5.5
Hexes          | 2 4 |  4.0
Stealth        | |  1.7
Fire Magic     | |  0.9

Action                   |  1- 3 |  4- 6 |  7- 9 || total
-------------------------+-------+-------+-------++-------
Melee: Short sword       |    21 |     2 |       ||    23
       Unarmed           |     1 |       |       ||     1
       Tailslap          |     1 |     1 |     6 ||     8
       Whip              |       |     9 |    64 ||    73
       Quarterstaff      |       |       |    42 ||    42
 Cast: Magic Dart        |    83 |    98 |   326 ||   507
       Searing Ray       |     2 |     1 |     5 ||     8
       Dazzling Spray    |       |     4 |    42 ||    46
  Use: Scroll            |       |       |    14 ||    14
 Stab: Invisible         |       |       |     6 ||     6
  Eat: Chunk             |     6 |     6 |    22 ||    34
       Ration            |       |       |     1 ||     1
Armor: Skin              |    10 |     6 |    83 ||    99
Dodge: Dodged            |    23 |    13 |   141 ||   177

Table legend:
 A = Non-vault XP
 B = Vault XP
 C = Vault XP percentage of total XP
 D = Non-vault monster count
 E = Vault monster count
 F = Vault count percentage of total count
                 A         B        C        D         E       F
            +---------+---------+-------+---------+---------+-------
      Total |    3732 |    1202 |  24.4 |     147 |      34 |  18.8
            +---------+---------+-------+---------+---------+-------
        D:1 |      45 |       0 |   0.0 |      22 |       0 |   0.0
        D:2 |      58 |      39 |  40.2 |      22 |      13 |  37.1
        D:3 |     211 |     496 |  70.2 |      23 |       5 |  17.9
        D:4 |     176 |     318 |  64.4 |       9 |      11 |  55.0
        D:5 |     536 |     129 |  19.4 |      19 |       2 |   9.5
        D:6 |     567 |     220 |  28.0 |       9 |       3 |  25.0
        D:7 |    1246 |       0 |   0.0 |      28 |       0 |   0.0
        D:8 |     278 |       0 |   0.0 |       5 |       0 |   0.0
        D:9 |     615 |       0 |   0.0 |      10 |       0 |   0.0
            +---------+---------+-------+---------+---------+-------
